 Dungeon Crawl Stone Soup version 0.14-a0-1773-ge500af7 (webtiles) character file.

117 Mitsuki the Changer (level 4, -1/32 HPs)
             Began as a Merfolk Transmuter on Jan 7, 2014.
             Slain by an adder (4 damage)
             ... on Level 2 of the Dungeon.
             The game lasted 00:05:59 (1953 turns).

Mitsuki the Changer (Merfolk Transmuter)            Turns: 1953, Time: 00:05:59

HP  -1/32        AC  1     Str 10      XL: 4   Next:  4%
MP   0/7         EV 13     Int 13      God:
Gold 57          SH  0     Dex 14      Spells:  2 memorised,  3 levels left

rFire  . . .     SeeInvis .     f - +0,+1 dagger
rCold  . . .     Clarity  .     c - +0 robe
rNeg   . . .     Conserve .     (no shield)
rPois  .         rCorr    .     (helmet restricted)
rElec  .         rRot     .     (no cloak)
SustAb . .       Spirit   .     (no gloves)
rMut   .         Warding  .     (no boots)
Saprov . . .     Stasis   .     (no amulet)
                                (no ring)
                                (no ring)

@: appendage, mildly poisoned, very slightly contaminated, slightly resistant to
hostile enchantments, unstealthy
A: change form in water, swift swim, horns 2, deformed body, mutation resistance
1
a: End Transformation


You were on level 2 of the Dungeon.
You were not hungry.
You had grown temporary horns.
You visited 1 branch of the dungeon, and saw 2 of its levels.

You collected 57 gold pieces.

Inventory:

Hand weapons
 f - a +0,+1 dagger (weapon)
Missiles
 b - 12 arrows
Armour
 c - a +0 robe (worn)
Comestibles
 a - 2 bread rations
 j - a meat ration
 k - an apple
 q - a lychee
Scrolls
 e - a scroll of recharging {unknown}
 g - 2 scrolls of identify {unknown}
 h - 3 scrolls of fear {unknown}
 i - 2 scrolls of remove curse {unknown}
 l - a scroll of curse jewellery {unknown}
 r - a scroll of noise {unknown}
Jewellery
 m - an uncursed amulet of resist corrosion {unknown}
Books
 d - a book of Changes

   Spells                             Type                      Level
   *Beastly Appendage                 Transmutation                1
   Sticks to Snakes                   Transmutation                2
   *Spider Form                       Transmutation/Poison         3
   Ice Form                           Ice/Transmutation            4
   Blade Hands                        Transmutation                5


   Skills:
 - Level 1.1 Fighting
 - Level 0.2 Short Blades
 - Level 2.6 Dodging
 - Level 3.2 Unarmed Combat
 - Level 2.0 Spellcasting
 + Level 5.4 Transmutations
 + Level 0.2 Poison Magic


You had 3 spell levels left.
You knew the following spells:

 Your Spells              Type           Power        Failure   Level  Hunger
a - Beastly Appendage     Trmt           ###...       3%          1    ##.....
b - Spider Form           Trmt/Pois      #.........   28%         3    ####...


Dungeon Overview and Level Annotations

Branches:
Dungeon (2/16)

Altars:
Ashenzari
Vehumet


Innate Abilities, Weirdness & Mutations

You revert to your normal form in water.*
You are very nimble and swift while swimming.*
You have a pair of horns on your head.*
Armour fits poorly on your strangely shaped body.*
You are somewhat resistant to further mutation.


Message History

The adder bites you but does no damage.
You hit the adder.
The adder is heavily wounded.
The adder bites you.
* * * LOW HITPOINT WARNING * * *
You are poisoned.
The adder poisons you! The adder closely misses you.
You are too injured to fight recklessly!
You are too injured to fight recklessly!
You hit the adder.
The adder is severely wounded.
The adder bites you.
* * * LOW HITPOINT WARNING * * *
You are more poisoned.
The adder poisons you!
You hit the adder.
The adder is severely wounded.
* * * LOW HITPOINT WARNING * * *
You feel sick. The adder bites you.
You die...

. .# .# .# .# .# .# .
##########S##.....
########........@........
.........###########.....
########## #


You could see an adder.

Vanquished Creatures
  2 adders (D:2)
  2 giant geckos
  An ooze (D:1)
  2 giant cockroaches
  2 goblins
  3 hobgoblins
  6 jackals (D:1)
  7 kobolds
  A quokka (D:2)
  4 bats (D:1)
  7 rats
37 creatures vanquished.

Notes
Turn   | Place    | Note
--------------------------------------------------------------
     0 | D:1      | Mitsuki, the Merfolk Transmuter, began the quest for the Orb.
     0 | D:1      | Reached XP level 1. HP: 15/15 MP: 3/3
   110 | D:1      | Reached XP level 2. HP: 5/21 MP: 4/4
   733 | D:1      | Reached skill level 4 in Transmutations
  1006 | D:1      | Reached XP level 3. HP: 24/26 MP: 6/6
  1011 | D:1      | Learned a level 3 spell: Spider Form
  1540 | D:2      | Reached skill level 5 in Transmutations
  1549 | D:2      | Gained mutation: Armour fits poorly on your strangely shaped body. [potion of mutation]
  1549 | D:2      | Gained mutation: You are somewhat resistant to further mutation. [potion of mutation]
  1886 | D:2      | Reached XP level 4. HP: 32/32 MP: 3/7
  1913 | D:2      | Found a radiant altar of Vehumet.
  1914 | D:2      | Found a shattered altar of Ashenzari.
  1953 | D:2      | Slain by an adder

Action                   |  1- 3 |  4- 6 || total
-------------------------+-------+-------++-------
Melee: Dagger            |   104 |    14 ||   118
       Unarmed           |    40 |       ||    40
 Cast: Beastly Appendage |    12 |     1 ||    13
       Spider Form       |     4 |       ||     4
  Use: Potion            |     4 |       ||     4
